cohdb
Replays
Latest Replays
All Replays
Popular Replays
Top Player Replays
Match Explorer
How It Works
Community
CoH3 Stats
Reddit
Sign in to upload your games and track your stats! →
Sign in with Steam
Decent use of KT
Match 39609069
Overview
Messages
Build Orders
End
Panzergrenadier Squad
Selects Panzerjäger Kommand Battlegroup
Panzergrenadier Squad
Panzergrenadier Squad
Construct Light Support Kompanie
2.5-tonne Medical Truck
Fire Support Elements
le.IG 18 Mechanized Group
Veteran Squad Leaders
Pak 38 Anti-tank Gun Team
Construct Panzerarmee Kommand
Assault Mechanized Group
MG34 Team
Selects Tank Busters
Selects Crew Shock Tactics
Panzer III L Medium Tank
Panzerpioneer Squad
Tungsten Core Ammunition
Panzer III L Medium Tank
Panzergrenadier Squad
Pak 38 Mechanized Group
Selects Elefant Tank Destroyer
Panzergrenadier Squad
Selects Mine Fields
Selects Early Warning
Elefant Tank Destroyer
Selects Butterfly Bomb Drop
Butterfly Bomb Drop
Butterfly Bomb Drop
Butterfly Bomb Drop
Panzer III L Medium Tank
Panzerpioneer Squad
Elefant Tank Destroyer
Butterfly Bomb Drop
Pak 38 Mechanized Group
Panzergrenadier Squad
Butterfly Bomb Drop
Panzer III L Medium Tank
Butterfly Bomb Drop
Panzergrenadier Squad
Butterfly Bomb Drop
Construct Light Support Kompanie
็็็็็็็็็็
JZuna
Jelly Bean
Barry Chuckle
0
0
Comments
sign in to comment!
No comments posted yet!